 Dungeon Crawl Stone Soup version 0.20.0-15-g7f486f2 (webtiles) character file.

0 Manul the Ducker (level 1, -2/11 HPs)
             Began as a Spriggan Abyssal Knight on June 11, 2017.
             Was a Follower of Lugonu.
             Killed from afar by a starcursed mass (8 damage)
             ... with an accursed screaming
             ... on level 1 of the Abyss.
             The game lasted 00:01:22 (265 turns).

Manul the Ducker (Spriggan Abyssal Knight)           Turns: 265, Time: 00:01:22

Health: -2/11      AC:  3    Str:  8    XL:     1   Next: 0%
Magic:  3/3        EV: 18    Int: 13    God:    Lugonu [*.....]
Gold:   6          SH:  0    Dex: 15    Spells: 0/0 levels left

rFire    . . .     SeeInvis +   a - +1 short sword
rCold    . . .     Gourm    .   (shield restricted)
rNeg     . . .     Faith    .   b - +1 robe
rPois    .         Spirit   .   (helmet restricted)
rElec    .         Reflect  .   (no cloak)
rCorr    .         Harm     .   (gloves unavailable)
MR       .....                  (boots unavailable)
Stlth    +.........             (no amulet)
Regen    0.1/turn               f - ring of wizardry
MPRegen  0.1/turn               (no ring)

@: very quick
A: unfitting armour, see invisible, herbivore 3, speed 3, slow metabolism 2
a: Depart the Abyss, Renounce Religion


You were on level 1 of the Abyss.
You worshipped Lugonu.
Lugonu was aware of your devotion.
You were not hungry.

You visited 0 branches of the dungeon, and saw 0 of its levels.
You visited the Abyss 1 time.

You collected 6 gold pieces.

Inventory:

Hand Weapons
 a - a +1 short sword (weapon)
Armour
 b - a +1 robe (worn)
Jewellery
 f - a ring of wizardry (left hand)
Scrolls
 g - a scroll of holy word {unknown}
Potions
 d - a potion of lignification {unknown}
 e - a potion of invisibility {unknown}
 h - a potion of ambrosia {unknown}
 i - 2 potions of berserk rage {unknown}
Comestibles
 c - a bread ration


   Skills:
 + Level 2.4 Fighting
 + Level 2.1 Short Blades
 + Level 3.5 Dodging
 + Level 1.7 Invocations


You couldn't memorise any spells.
You didn't know any spells.

Dungeon Overview and Level Annotations

Branches:
Dungeon (0/15)

Altars:


Innate Abilities, Weirdness & Mutations

You are very small and have problems with some larger weapons.
You are too small for most types of armour.
You have supernaturally acute eyesight. (SInv)
You are a herbivore.
You cover ground extremely quickly.
You need consume almost no food.


Message History

You feel blessed for a moment.
It was a scroll of remove curse.
A white imp comes into view.
The white imp shouts!
Found a mace.
A smoke demon comes into view.
You see here 6 gold pieces.
You now have 6 gold pieces.
The smoke demon moves out of view.
A raiju comes into view.
You see here a scroll labeled CAR IRA VANUTT.
g - a scroll labeled CAR IRA VANUTT The smoke demon roars!
There is an open door here.
There are monsters nearby!
You close the door.
The smoke demon gestures at you. The ball of steam hits you!
A starcursed mass comes into view.
The starcursed mass shrieks in your mind.
Ouch! That really hurt!
You die...

. ..# #....#... ..#
#...........#....#
...##.#..#.#.....##
###..#......h ....
#..#........#.## #
#.#8..#. .8.. #
#.#..#.##+###....
#..#......§.§....##
.......@.#§§§.#....
..##..#.## §§....##
#X#.#.. .#..#. ..
#. .##.# ..3## # .#
.. ##.# #. .. .. .
#.# ##. #.


You could see a starcursed mass.

Vanquished Creatures (others)
  4 starspawn tentacles (Abyss:1)
4 creatures vanquished.

Notes
Turn   | Place    | Note
-------+----------+-------------------------------------------
     0 | Abyss:1  | Manul the Spriggan Abyssal Knight began the quest for the Orb.
     0 | Abyss:1  | Reached XP level 1. HP: 11/11 MP: 3/3
    16 | Abyss:1  | Noticed a small abomination
    49 | Abyss:1  | Noticed a tentacled starspawn
    67 | Abyss:1  | Noticed a freezing wraith
    77 | Abyss:1  | Noticed an efreet
    80 | Abyss:1  | Noticed a tentacled starspawn
    85 | Abyss:1  | Noticed a shadow
    88 | Abyss:1  | Noticed a smoke demon
    88 | Abyss:1  | Noticed a white draconian
   157 | Abyss:1  | Noticed an ancient lich
   163 | Abyss:1  | Found a corrupted altar of Lugonu.
   185 | Abyss:1  | Noticed an iron imp
   194 | Abyss:1  | Noticed a starcursed mass
   196 | Abyss:1  | Noticed a small abomination
   200 | Abyss:1  | Noticed a large abomination
   252 | Abyss:1  | Noticed a smoke demon
   253 | Abyss:1  | Noticed a raiju
   264 | Abyss:1  | Noticed a starcursed mass
   265 | Abyss:1  | Killed from afar by a starcursed mass

Action                   || total
-------------------------++-------
  Use: Scroll            ||     2
